 Dungeon Crawl Stone Soup version 0.31-a0-574-g69dc8cc98e (webtiles) character file.

Game seed: 6595273772124848091

1939844 motkurizz the Conqueror (level 26, 193/193 HPs)
             Began as a Gargoyle Reaver on Aug 18, 2023.
             Was the Champion of Ru.
             Escaped with the Orb
             ... and 3 runes!
             The game lasted 02:03:35 (51343 turns).

motkurizz the Conqueror (Gargoyle Reaver)          Turns: 51343, Time: 02:03:35

Health: 193/193    AC: 59    Str: 28    XL:     26
Magic:  21/21      EV: 14    Int: 12    God:    Ru [******]
Gold:   5070       SH:  0    Dex: 13    Spells: 28/29 levels left

rFire   + . .        a - +9 battleaxe (vamp)
rCold   + + .        (shield currently unavailable)
rNeg    + . .        G - +5 plate armour "Kefubep Vyxu" {*Corrode Fly rElec Dex+7}
rPois   ∞            z - +0 mask of the Dragon {Will+ Slay+3 SInv}
rElec   +            N - +2 cloak {rCorr}
rCorr   +            Q - +2 pair of gloves {Str+3}
SInv    +            M - +3 pair of seven-league boots {Rampage+∞}
Will    ++++.        Y - amulet "Voyhykhli" {Acrobat Will++ Int-5} Stlth
                     C - ring of Ticoh {rC++ AC+4}
HPRegen 0.52/turn    i - ring of Beogh's Inspiration {rPois rF+ EV+5}
MPRegen 0.17/turn

%: corrode self (3%), acrobat, clarity, rampage+∞
@: flying, studying Air Magic
A: sickness immunity, AC +20, big wings, low MP 2, negative energy resistance 1,
screaming 2, electricity resistance, torment resistance 1, petrification
resistance, no stealth, inability to use devices, hated by all, inability to
train dodging, no hexes magic, no ice magic, no necromancy magic, inexperienced
1, no forms, clarity, clumsy 1, deformed body, mutation resistance 1, MP-powered
wands
0: Orb of Zot
}: 3/15 runes: decaying, serpentine, silver
a: Renounce Religion, Draw Out Power, Power Leap, Apocalypse


You escaped.
You worshipped Ru.
Ru was exalted by your worship.
You visited 10 branches of the dungeon, and saw 48 of its levels.
You also visited: Trove, Gauntlet, Ice Cave and Volcano.

You collected 9370 gold pieces.
You spent 4300 gold pieces at shops.

Inventory:

Hand Weapons
 a - a +9 vampiric battleaxe (weapon)
 b - a +5 great mace of protection
Missiles
 H - 9 throwing nets
Armour
 y - +0 gold dragon scales
 z - the +0 mask of the Dragon (worn) {Will+ Slay+3 SInv}
   (You found it in a Gauntlet)

   Slay+3:    It affects your accuracy & damage with ranged weapons and melee
   (+3).
   Will+:     It increases your willpower.
   SInv:      It lets you see invisible.
 G - the +5 plate armour "Kefubep Vyxu" (worn) {*Corrode Fly rElec Dex+7}
   (You found it on level 3 of the Elven Halls)

   Dex+7:     It affects your dexterity (+7).
   rElec:     It insulates you from electricity.
   Fly:       It grants you flight.
   *Corrode:  It may corrode you when you take damage.
 J - a scarf of resistance
 M - the +3 pair of seven-league boots (worn) {Rampage+∞}
   (You acquired it on level 1 of the Elven Halls)

   Rampage+∞: When moving toward enemies, its wearer moves as far as possible,
   alerting their target en route.
 N - a +2 cloak of preservation (worn)
 Q - a +2 pair of gloves of strength (worn)
 S - the +1 pair of boots "Tattuf" {rF++ Str+4 Slay-2}
   (You found it on level 4 of the Vaults)

   Str+4:     It affects your strength (+4).
   Slay-2:    It affects your accuracy & damage with ranged weapons and melee
   (-2).
   rF++:      It greatly protects you from fire.
Jewellery
 h - the amulet "Kenkoz" {Spirit Rampage *Slow rElec Will++}
   (You found it in a Gauntlet)

   [amulet of guardian spirit]

   Spirit:    It causes incoming damage to be divided between your reserves of
   health and magic.
   rElec:     It insulates you from electricity.
   Will++:    It greatly increases your willpower.
   *Slow:     It may slow you when you take damage.
   Rampage:   It bestows one free step when moving towards enemies.
 i - the ring of Beogh's Inspiration (right hand) {rPois rF+ EV+5}
   (You found it in a treasure trove)

   [ring of evasion]

   EV+5:      It affects your evasion (+5).
   rF+:       It protects you from fire.
   rPois:     It protects you from poison
 k - the amulet "Soelurro" {RegenMP rN+++ Will- Regen+ Dex-3}
   (You found it in a treasure trove)

   [amulet of magic regeneration]

   RegenMP:   It increases your rate of magic regeneration.
   Dex-3:     It affects your dexterity (-3).
   rN+++:     It renders you almost immune to negative energy.
   Will-:     It decreases your willpower.
   Regen+:    It increases your rate of health regeneration.
 q - the ring of the Hare {EV+10}
   (You found it in a treasure trove)

   [ring of evasion]

   EV+10:     It affects your evasion (+10).
 u - the ring "Nass" {*Corrode rN+ Will+ AC+4 SInv}
   (You acquired it on level 12 of the Dungeon)

   [ring of protection]

   AC+4:      It affects your AC (+4).
   rN+:       It protects you from negative energy.
   Will+:     It increases your willpower.
   SInv:      It lets you see invisible.
   *Corrode:  It may corrode you when you take damage.
 x - the amulet "Voyciev" {RegenMP *Slow rElec rPois}
   (You found it on level 3 of the Elven Halls)

   [amulet of magic regeneration]

   RegenMP:   It increases your rate of magic regeneration.
   rElec:     It insulates you from electricity.
   rPois:     It protects you from poison *Slow: It may slow you when you take
   damage.
 C - the ring of Ticoh (left hand) {rC++ AC+4}
   (You found it on level 5 of the Lair of Beasts)

   [ring of protection]

   AC+4:      It affects your AC (+4).
   rC++:      It greatly protects you from cold.
 O - an amulet of regeneration
 P - the ring "Doecire" {Will+++ EV+5}
   (You acquired it on level 3 of the Elven Halls)

   [ring of evasion]

   EV+5:      It affects your evasion (+5).
   Will+++:   It greatly increases your willpower.
 U - the ring "Bairuh" {Fire *Slow rPois Int+4}
   (You found it in a treasure trove)

   [ring of fire]

   Fire:      It enhances your fire magic.
   Int+4:     It affects your intelligence (+4).
   rF+:       It protects you from fire.
   rC-:       It makes you vulnerable to cold.
   rPois:     It protects you from poison *Slow: It may slow you when you take
   damage.
 V - a ring of protection from cold
 Y - the amulet "Voyhykhli" (around neck) {Acrobat Will++ Int-5}
   (You took it off a deep elf demonologist on level 3 of the Elven Halls)

   [amulet of the acrobat]

   Acrobat:   It increases your evasion while moving and waiting.
   Int-5:     It affects your intelligence (-5).
   Will++:    It greatly increases your willpower.
 Z - an amulet of reflection
Scrolls
 d - 9 scrolls of fog
 e - 20 scrolls of teleportation
 f - 9 scrolls of fear
 m - 6 scrolls of blinking
 p - 7 scrolls of enchant weapon
 s - 21 scrolls of identify
 t - 2 scrolls of silence
 w - 8 scrolls of amnesia
 A - 2 scrolls of revelation
 D - 13 scrolls of poison
 E - 15 scrolls of immolation
 F - 2 scrolls of enchant armour
 R - 5 scrolls of brand weapon
Potions
 c - 2 potions of ambrosia
 g - 3 potions of haste
 j - 7 potions of lignification
 l - 19 potions of curing
 n - 5 potions of mutation
 o - 13 potions of attraction
 r - 7 potions of brilliance
 v - 8 potions of cancellation
 B - 12 potions of heal wounds
 I - 2 potions of berserk rage
 K - 3 potions of invisibility
 L - 6 potions of might
 T - 8 potions of enlightenment
 W - 10 potions of resistance
 X - 2 potions of magic


   Skills:
 O Level 27 Fighting
 O Level 27 Axes
 - Level 13.2(22.8) Maces & Flails
 O Level 27 Armour
 + Level 2.3 Spellcasting
 - Level 4.0 Conjurations


You had 28 spell levels left.
You knew the following spells:

 Your Spells              Type           Power      Damage    Failure   Level
a - Kiss of Death         Conj/Necr      24%        2d7       34%         1

Your spell library contained the following spells:

 Spells                   Type           Power      Damage    Failure   Level
 Magic Dart               Conj           40%        1d5       16%         1
 Foxfire                  Conj/Fire      24%        2x1d5     34%         1
 Momentum Strike          Conj/Tloc      12%        3d8       45%         2
 Static Discharge         Conj/Air       12%        2-3/arc   45%         2
 Apportation              Tloc           2%         N/A       61%         1
 Stone Arrow              Conj/Erth      12%        3d7       71%         3
 Blink                    Tloc           2%         N/A       75%         2
 Lesser Beckoning         Tloc           2%         N/A       75%         2
 Poisonous Vapours        Pois/Air       2%         N/A       75%         2
 Wereblood                Tmut           1%         N/A       75%         2
 Mephitic Cloud           Conj/Pois/Air  4%         N/A       80%         3
 Gell's Gravitas          Tloc           1%         N/A       93%         3
 Ignite Poison            Fire/Tmut/Pois 1%         N/A       93%         3
 Teleport Other           Tloc           1%         N/A       93%         3
 Volatile Blastmotes      Fire/Tloc      2%         2d10      93%         3
 Iskenderun's Mystic Bla  Conj/Tloc      6%         2d4       98%         4
 Iskenderun's Battlesphe  Conj           10%        2d6       99%         5
 Airstrike                Air            0%         2d(1-17)  100%        4
 Alistair's Intoxication  Tmut/Pois      0%         N/A       100%        5
 Fireball                 Conj/Fire      3%         3d4       100%        5
 Irradiate                Conj/Tmut      3%         3d12      100%        5
 Lee's Rapid Deconstruct  Erth           0%         3d4*      100%        5
 Conjure Ball Lightning   Conj/Air       3%         3x3d6     100%        6
 Eringya's Noxious Bog    Tmut/Pois      0%         4d6       100%        6
 Plasma Beam              Fire/Air       0%         2x1d10    100%        6
 Starburst                Conj/Fire      3%         6d3       100%        6
 Orb of Destruction       Conj           5%         9d5       100%        7
 Fire Storm               Conj/Fire      3%         8d1       100%        9
 Necrotise                Necr           Unusable   1d4       N/A         1
 Summon Small Mammal      Summ           Unusable   N/A       N/A         1
 Hailstorm                Conj/Ice       Unusable   3d4       N/A         3
 Call Imp                 Summ           Unusable   N/A       N/A         2
 Cigotuvi's Dreadful Rot  Necr/Pois/Air  Unusable   N/A       N/A         2
 Ensorcelled Hibernation  Hex/Ice        Unusable   N/A       N/A         2
 Sublimation of Blood     Necr           Unusable   N/A       N/A         2
 Call Canine Familiar     Summ           Unusable   N/A       N/A         3
 Summon Guardian Golem    Hex/Summ       Unusable   N/A       N/A         3
 Fulminant Prism          Conj/Hex       Unusable   3d5       N/A         4
 Animate Armour           Summ/Erth      Unusable   N/A       N/A         4
 Cause Fear               Hex            Unusable   N/A       N/A         4
 Summon Ice Beast         Ice/Summ       Unusable   N/A       N/A         4
 Summon Lightning Spire   Summ/Air       Unusable   N/A       N/A         4
 Borgnjor's Vile Clutch   Necr/Erth      Unusable   N/A       N/A         5
 Freezing Cloud           Conj/Ice/Air   Unusable   6-21      N/A         5
 Summon Mana Viper        Hex/Summ       Unusable   N/A       N/A         5
 Summon Hydra             Summ           Unusable   N/A       N/A         7

Dungeon Overview and Level Annotations

Branches:
Dungeon (15/15)            Temple (1/1) D:5            Lair (5/5) D:9
  Swamp (4/4) Lair:3        Snake (4/4) Lair:3        Slime (0/5) Lair:5
    Orc (2/2) D:10            Elf (3/3) Orc:2        Vaults (5/5) D:13
  Crypt (0/3) Vaults:2     Depths (4/4) D:15            Zot (5/5) Depths:4
  IceCv (visited)         Volcano (visited)         Gauntlet (visited)

Altars:
Ashenzari
Cheibriados
Dithmenos
Elyvilon
Gozag
Kikubaaqudgha
Makhleb
Nemelex Xobeh
Okawaru
Qazlal
Ru
Sif Muna
Trog
Uskayaw
Vehumet
Wu Jian
Xom
Zin
The Shining One

Shops:
D:3 ?   D:9 :   D:13 :   D:14 *   Orc:2 !([:*   Elf:1 :**?   Elf:2 (*[(
Snake:1 !   Vaults:4 [   Depths:2 *[

Portals:
Hell: Depths:2 Depths:3 Depths:4
Abyss: D:9 Depths:3 Depths:4
Pandemonium: Depths:2
Ziggurat: Depths:4

Annotations:
D:4 2 runed translucent doors, TobyConnect's ghost, amateur DsSh
D:5 exclusion: downstairs
D:9 2 transporters
Zot:4 2 transporters, Emnejil's ghost, master VSBe


Innate Abilities, Weirdness & Mutations

You are immune to sickness and miasma.
Your stone body is resilient. (AC +20)
You are immune to poison.
Your large and strong wings let you fly.
Your magical capacity is very low. (-20% MP)
You resist negative energy. (rN+)
You frequently scream uncontrollably at your foes.
You are resistant to electric shocks. (rElec)
You are resistant to unholy torment.
You are immune to petrification.
You cannot be stealthy.
You cannot study or use magical devices.
You are hated by all.
You cannot train Dodging skill.
You cannot study or cast Hexes magic.
You cannot study or cast Ice magic.
You cannot study or cast Necromancy magic.
You are somewhat inexperienced. (-1 XL)
You cannot voluntarily change form.
You possess an exceptional clarity of mind.
You are clumsy. (Dex -2)
Armour fits poorly on your strangely shaped body.
You are somewhat resistant to further mutation.
You expend magic power (3 MP) to strengthen your wands.


Message History

A sun demon comes into view.
The sun demon shouts!
You hit the sun demon.
The sun demon is lightly wounded.
You closely miss the sun demon.
The sun demon is lightly wounded.
The sun demon hits you but does no damage.
You hit the sun demon.
The sun demon is lightly wounded.
You slash the sun demon!
The sun demon is moderately wounded.
The sun demon hits you but does no damage.
You slice the sun demon!!
The sun demon is severely wounded.
You slice the sun demon!!
You kill the sun demon!
No target in view!
A smoke demon comes into view.
There is an open door here.
You stride towards the smoke demon!
You slash the smoke demon!
The smoke demon is moderately wounded.
The smoke demon completely misses you.
The smoke demon hits you but does no damage.
The smoke demon barely misses you.
You slash the smoke demon!
The smoke demon is heavily wounded.
You slash the smoke demon!
The smoke demon is almost dead.
The smoke demon closely misses you. The smoke demon barely misses you.
The smoke demon misses you.
You slice the smoke demon!!
You kill the smoke demon!
There is an open door here.
You feel less exhausted.
Your extra speed is starting to run out.
There is an open door here.
Magic restored.
You feel yourself slow down.
There is a staircase leading out of the dungeon here.
You have escaped!

#### ####
##..##########.@##
#....#......#....#
#....#......'....#
##..##########..##♣♣
##'#8.......##'#..♣♣
#..#.P.P.P..#..#...♣♣♣
#..#....P.P.#..#.....♣♣
###
#..#.P.P.P.8#..#......♣♣
#..
#..#8.P...P.#..#.......♣
#..


There were no monsters in sight!

Vanquished Creatures
  6 dread liches
  7 orbs of fire
  2 ancient liches (Zot:5)
  The ghost of Sofait the Black Belt, a legendary GnFE of Okawaru (Zot:1)
  Mara (Snake:4)
  Josephina (Depths:4)
  The ghost of Heoriaro the Bludgeoner, a legendary GnFi of Cheibriados (Zot:1)
  4 Killer Klowns (Zot:5)
  Saint Roka (Vaults:2)
  Bai Suzhen (Depths:2)
  A caustic shrike (Depths:3)
  4 curse toes
  13 golden dragons
  Norris (Vaults:2)
  Nikola (Vaults:1)
  3 bone dragons (Depths:4)
  3 electric golems
  A Brimstone Fiend (D:15)
  3 Ice Fiends
  Jorgrun (D:13)
  19 tentacled monstrosities
  24 Orb Guardians
  6 liches
  A walking crystal tome (Depths:2)
  A walking frostbound tome (Depths:2)
  A deep elf master archer (Elf:3)
  A deep elf blademaster (Elf:3)
  4 titans
  7 sphinxes
  A walking earthen tome (Depths:3)
  5 quicksilver dragons
  A walking divine tome (Depths:3)
  6 death cobs
  18 storm dragons
  A thorn hunter (Swamp:4)
  Kirke (Snake:3)
  6 tengu reavers
  15 shadow dragons
  Aizul (Snake:1)
  Roxanne (Snake:1)
  5 draconian monks
  12 nagarajas
  Donald (Elf:2)
  2 draconian knights (Zot:1)
  5 fire giants
  8 frost giants
  Louise (Elf:2)
  An iron dragon (Depths:3)
  5 deep elf sorcerers
  5 ghost moths
  7 draconian scorchers
  11 vault wardens
  4 deep elf elementalists (Elf:3)
  4 draconian stormcallers
  8 draconian shifters
  6 draconian annihilators
  3 war gargoyles
  3 orc warlords
  20 ironbound preservers
  35 very ugly things
  3 formless jellyfish
  20 stone giants
  A quicksilver ooze (shapeshifter) (Vaults:5)
  2 spriggan defenders (Depths:3)
  5 ironbound thunderhulks
  3 vampire knights
  8 red draconians
  The ghost of TobyConnect the Warrior, a journeyman DsSh of Gozag (D:14)
  9 deep elf annihilators
  6 black draconians
  7 deep elf demonologists
  9 purple draconians
  3 spark wasps
  The ghost of Calechis the Cleaver, a journeyman VSSh of Hepliaklqana (Orc:2)
  10 yellow draconians
  10 green draconians
  2 minotaurs
  The ghost of motkurizz the Basher, a journeyman AtBe of Trog (Lair:3)
  The ghost of Hiramiqi the Summoner, a journeyman TeFE of Vehumet (Lair:4)
  6 bunyips
  9 dire elephants
  7 eleionomae
  8 white draconians
  A yellow draconian (shapeshifter) (Elf:2)
  13 ettins
  3 blizzard demons
  6 deep elf death magi
  A shambling mangrove (Swamp:4)
  2 entropy weavers
  3 crystal guardians (Depths:3)
  3 jiangshi (Depths:3)
  4 fire dragons
  2 deep elf high priests
  Harold (Lair:1)
  6 great orbs of eyes
  23 hydras
  27 vault guards
  16 yaktaur captains
  4 ghost crabs
  9 ice dragons
  7 ironbound frosthearts
  2 rakshasas
  2 hell beasts
  A sphinx zombie (Vaults:2)
  2 salamander tyrants (Snake:4)
  4 peacekeepers
  6 boulder beetles
  8 alligators
  A caustic shrike simulacrum (IceCv)
  2 juggernaut simulacra
  3 catoblepae (Lair:5)
  5 anacondas
  9 two-headed ogres
  8 spriggan air magi
  13 centaur warriors
  21 dancing weapons
  21 naga warriors
  7 tengu warriors
  7 death yaks (Lair:5)
  6 deep troll earth magi
  A vampire mage (Depths:3)
  A hell hog (Gauntlet)
  6 deep troll shamans
  A sphinx skeleton (Depths:3)
  15 naga sharpshooters
  2 spriggan berserkers
  26 hell knights
  6 shock serpents
  Nergalle (D:12)
  10 deep elf knights
  5 iron trolls
  5 skeletal warriors
  5 salamander mystics
  A sixfirhy (D:10)
  5 sun demons
  3 skysharks
  2 goliath frogs
  A large abomination (D:10)
  3 bog bodies
  A shadow wraith (Vaults:5)
  A sea snake (Snake:4)
  2 glowing orange brains
  7 deep elf archers
  3 obsidian statues
  A flayed ghost (Depths:3)
  6 naga ritualists
  3 spriggan druids
  8 orc knights
  9 swamp dragons
  6 wizards
  Pikel (D:5)
  9 ironbound convokers
  24 deep elf zephyrmancers
  50 deep trolls
  10 lindwurms
  An orange crystal statue (Depths:3)
  4 harpies (Vaults:1)
  6 spriggan simulacra
  33 deep elf pyromancers
  9 necromancers
  2 orc sorcerers
  2 phantasmal warriors
  7 mana vipers (Snake:1)
  6 oklob plants
  2 cyclopes (D:11)
  A wolf spider (D:14)
  8 manticores
  A will-o-the-wisp (Swamp:3)
  44 ugly things
  A stone giant zombie (Vaults:2)
  19 moths of wrath
  A faun (shapeshifter) (Depths:3)
  An elephant (shapeshifter) (Vaults:5)
  5 elephants (Lair:4)
  A tengu skeleton (Vaults:2)
  11 salamanders
  11 guardian serpents
  17 vault sentinels
  29 black mambas
  13 naga magi
  A titan simulacrum (Depths:4)
  2 torpor snails (shapeshifter) (Vaults:5)
  A torpor snail (Lair:1)
  An orange demon (Zot:5)
  A storm dragon simulacrum (Depths:4)
  2 unseen horrors
  2 smoke demons
  Maggie (Lair:1)
  8 cane toads
  4 gargoyles
  Jeremiah (D:8)
  9 komodo dragons
  An anaconda simulacrum (IceCv)
  A rime drake (Lair:4)
  A tormentor (Zot:5)
  4 freezing wraiths
  Psyche (D:8)
  An efreet (D:11)
  25 yaktaurs
  15 ice devils
  3 kobold demonologists
  3 golden dragon simulacra
  2 trolls (shapeshifter)
  A hellwing (Depths:2)
  3 merfolk (shapeshifter)
  A red devil (Depths:2)
  2 queen bees (shapeshifter)
  A bloated husk (Swamp:2)
  4 trolls
  2 tyrant leeches
  11 hornets
  4 polar bears
  25 blink frogs
  A shadow dragon simulacrum (Depths:4)
  9 dream sheep
  5 centaur simulacra (D:14)
  A slime creature (shapeshifter) (Vaults:5)
  2 air elementals
  33 slime creatures
  A jumping spider (Vaults:1)
  47 yaks
  4 hogs (Snake:3)
  3 vampires (Vaults:2)
  4 water elementals
  6 wraiths
  2 ynoxinuls (D:12)
  12 spriggans
  A dire elephant simulacrum (IceCv)
  6 basilisks
  4 wyverns
  7 fire bats
  3 fire elementals
  A neqoxec (Gauntlet)
  3 chaos spawn (Gauntlet)
  A redback (Vaults:5)
  10 minotaur simulacra (IceCv)
  15 vampire mosquitoes
  22 nagas
  5 wargs
  A harpy simulacrum (IceCv)
  Menkaure (D:5)
  13 swamp worms
  2 acid dragons
  A hydra simulacrum (IceCv)
  15 water moccasins
  4 hell hounds
  2 floating eyes (Depths:3)
  8 swamp drakes (Swamp:4)
  3 ice beasts
  46 orc warriors
  A sky beast (D:7)
  2 black bears
  A black bear (shapeshifter) (Elf:3)
  10 ogres
  An ice beast (shapeshifter) (D:15)
  5 boggarts
  An ettin simulacrum (IceCv)
  12 wolves
  25 centaurs
  2 phantoms (D:6)
  7 kobold brigands
  A lemure (D:5)
  18 bullfrogs
  Blork the orc (D:6)
  7 deep troll simulacra (IceCv)
  2 earth elementals (Elf:3)
  2 scorpions
  6 wights
  4 killer bees (D:10)
  A howler monkey (D:5)
  5 electric eels
  6 lava snakes (Volcano)
  5 hounds
  A quasit (D:4)
  A jelly (D:4)
  22 orc priests
  2 iguanas
  Crazy Yiuf (D:7)
  A gnoll bouda (D:6)
  Jessica (D:3)
  Ijyb (D:4)
  27 orc wizards
  Natasha (thrice) (D:3)
  9 gnolls
  6 adders
  5 white imps
  An ufetubus (D:14)
  3 worms
  5 dart slugs
  87 orcs
  8 ball pythons
  14 bats
  4 endoplasms
  6 giant cockroaches
  4 hobgoblins
  5 quokkas
  5 frilled lizards
  7 goblins
  19 kobolds
  6 rats
  A butterfly (Lair:4)
2016 creatures vanquished.

Vanquished Creatures (others)
  A Killer Klown (Zot:5)
  A tentacled monstrosity (Vaults:5)
  3 Orb Guardians (Zot:5)
  A quicksilver dragon (Zot:4)
  A death cob (Zot:2)
  A nagaraja (Snake:4)
  A storm dragon (Zot:2)
  3 fire giants
  A deep elf sorcerer (Elf:1)
  2 draconian scorchers
  A ghost moth (Zot:1)
  A deep elf elementalist (Elf:3)
  A draconian stormcaller (Zot:3)
  A war gargoyle (Vaults:4)
  A green draconian (Zot:2)
  2 stone giants (Vaults:5)
  A juggernaut skeleton (Depths:3)
  A black draconian (Depths:4)
  A deep elf demonologist (Elf:3)
  A purple draconian (Zot:2)
  A white draconian (Zot:2)
  A red draconian (Zot:3)
  An eleionoma (Swamp:3)
  An ettin (Depths:2)
  A shambling mangrove (Swamp:4)
  A yaktaur captain (Vaults:5)
  A rakshasa (Depths:3)
  2 vault guards (Vaults:5)
  4 hydras
  A spriggan berserker (Depths:4)
  A deep troll shaman (Depths:2)
  2 deep elf knights
  A hell knight (Vaults:5)
  A sun demon (Depths:2)
  A skeletal warrior (D:15)
  A deep troll (Depths:4)
  2 swamp dragons
  A wizard (Elf:1)
  A harpy (Vaults:1)
  2 ironbound convokers
  2 lindwurms (Vaults:1)
  A deep elf zephyrmancer (Elf:1)
  4 orc knights
  A black mamba (Lair:5)
  2 moths of wrath (Zot:2)
  A vault sentinel (Vaults:2)
  A yaktaur (Vaults:5)
  A human zombie (Vaults:2)
  A bloated husk (Swamp:1)
  A hornet (Swamp:4)
  A centaur simulacrum (D:14)
  A yak (Lair:4)
  A harpy simulacrum (IceCv)
  An orc warrior (Orc:2)
  A deep troll simulacrum (IceCv)
  3 orcs
  8 foxfires (Swamp:3)
84 creatures vanquished.

Grand Total: 2100 creatures vanquished

Notes
Turn   | Place    | Note
-------+----------+-------------------------------------------
     0 | D:1      | motkurizz the Gargoyle Reaver began the quest for the Orb.
     0 | D:1      | Reached XP level 1. HP: 12/12 MP: 3/3
   397 | D:1      | Reached XP level 2. HP: 18/18 MP: 5/5
  1126 | D:2      | Found a radiant altar of Vehumet.
  1236 | D:2      | Reached XP level 3. HP: 18/19 MP: 6/6
  1625 | D:2      | Reached skill level 1 in Armour
  1795 | D:2      | Reached XP level 4. HP: 22/27 MP: 7/7
  2142 | D:3      | Found The Oracle's Delphic Readings.
  2154 | D:3      | Bought a scroll of identify for 20 gold pieces
  2158 | D:3      | Bought a scroll of fear for 40 gold pieces
  2168 | D:3      | You fall into a shaft and drop 1 floor!
  2307 | D:4      | Reached XP level 5. HP: 19/33 MP: 8/8
  2453 | D:4      | Found an opulent altar of Gozag.
  2621 | D:3      | Noticed Jessica
  2632 | D:3      | Reached XP level 6. HP: 31/32 MP: 9/9
  2634 | D:3      | Killed Jessica
  3143 | D:3      | Found a hazy altar of Hepliaklqana.
  3144 | D:3      | Found an ancient bone altar of Kikubaaqudgha.
  3380 | D:3      | Noticed Natasha
  3385 | D:3      | Killed Natasha
  3717 | D:3      | Noticed Natasha
  3735 | D:3      | Killed Natasha
  3866 | D:3      | Noticed Natasha
  3872 | D:3      | Killed Natasha
  4175 | D:4      | Found a large runed translucent door.
  4175 | D:4      | Found a large runed translucent door.
  4180 | D:4      | Noticed TobyConnect's ghost (amateur DsSh)
  4230 | D:4      | Noticed Ijyb
  4289 | D:4      | Killed Ijyb
  4761 | D:5      | Entered Level 5 of the Dungeon
  4843 | D:5      | Reached skill level 5 in Maces & Flails
  4843 | D:5      | Reached XP level 7. HP: 41/44 MP: 10/10
  4895 | D:5      | Noticed Pikel
  4950 | D:5      | Killed Pikel
  4951 | D:5      | Reached XP level 8. HP: 18/51 MP: 11/11
  5225 | D:5      | Noticed Menkaure
  5235 | D:5      | Killed Menkaure
  5404 | D:5      | Found a staircase to the Ecumenical Temple.
  5429 | Temple   | Entered the Ecumenical Temple
  5445 | Temple   | Became a worshipper of Ru the Awakened
  5749 | D:6      | Noticed Blork the orc
  6139 | D:6      | Killed Blork the orc
  6286 | D:6      | Reached XP level 9. HP: 57/57 MP: 12/12
  6685 | D:7      | Gained mutation: You cannot be stealthy. [Ru sacrifice]
  6823 | D:7      | Found a runed translucent door.
  6824 | D:7      | Noticed Crazy Yiuf
  7163 | D:7      | Reached skill level 1 in Axes
  7248 | D:7      | Noticed a troll
  7251 | D:7      | Killed a troll
  7541 | D:7      | Killed Crazy Yiuf
  7619 | D:8      | Reached skill level 5 in Armour
  7679 | D:8      | Found a shadowy altar of Dithmenos.
  7802 | D:8      | Noticed Jeremiah
  7807 | D:8      | Reached XP level 10. HP: 66/66 MP: 13/13
  7822 | D:8      | Killed Jeremiah
  7996 | D:8      | Found a glowing silver altar of Zin.
  8033 | D:8      | Noticed Psyche
  8050 | D:8      | Killed Psyche
  8123 | D:9      | Noticed a wizard
  8129 | D:9      | Reached skill level 5 in Axes
  8327 | D:9      | Found a transporter.
  8332 | D:9      | Found a transporter.
  8333 | D:9      | Noticed a skeletal warrior
  8561 | D:9      | Found a staircase to the Lair.
  8685 | D:9      | Found a one-way gate to the infinite horrors of the Abyss.
  8685 | D:9      | Identified the amulet of Fuis {Reflect rF++ rN+ rCorr MP+9
                  | SH+5}
  8813 | D:9      | Noticed a two-headed ogre
  8819 | D:9      | Killed a two-headed ogre
  8820 | D:9      | Reached skill level 10 in Fighting
  8836 | D:9      | Found Ecso Kak's Vocational Training.
  9047 | D:9      | Noticed a moth of wrath
  9118 | D:9      | Noticed a toenail golem
  9190 | D:9      | Noticed a brown very ugly thing
  9205 | D:10     | Entered Level 10 of the Dungeon
  9235 | D:10     | Reached XP level 11. HP: 48/72 MP: 14/14
  9249 | D:10     | Gained mutation: You cannot study or use magical devices.
                  | [Ru sacrifice]
  9249 | D:10     | Reached * piety under Ru
  9249 | D:10     | Reached ** piety under Ru
  9249 | D:10     | Reached *** piety under Ru
  9260 | D:10     | Found a staircase to the Orcish Mines.
  9690 | D:10     | Found a portal to a secret trove of treasure.
  9785 | Trove    | Entered a treasure trove
  9787 | Trove    | Found the ring of the Hare {EV+10}
  9814 | Trove    | Identified the ring of Beogh's Inspiration {rPois rF+ EV+5}
  9822 | Trove    | Identified the amulet "Soelurro" {RegenMP rN+++ Will-
                  | Regen+ Dex-3}
  9828 | Trove    | Identified the ring of the Merwolf {rPois Str+6}
  9838 | Trove    | Identified the ring "Bairuh" {Fire *Slow rPois Int+4}
  9841 | Trove    | Identified the amulet of the Golden God {Spirit Rampage}
  9846 | Trove    | Identified the ring of Past Mistakes {*Slow +Blink rPois
                  | MP+9 Dex+5}
 10008 | Orc:1    | Entered Level 1 of the Orcish Mines
 10033 | Orc:1    | Noticed an orc knight
 10084 | Lair:1   | Entered Level 1 of the Lair of Beasts
 10178 | Lair:1   | Found a gate leading to a gauntlet.
 10185 | Gauntlet | Entered a Gauntlet
 10185 | Gauntlet | Found a transporter.
 10185 | Gauntlet | Found a transporter.
 10200 | Gauntlet | Found a transporter.
 10200 | Gauntlet | Found a transporter.
 10203 | Gauntlet | Noticed a ghost crab
 10209 | Gauntlet | Found a transporter.
 10213 | Gauntlet | Noticed a hell beast
 10228 | Gauntlet | Found a transporter.
 10235 | Gauntlet | Found a transporter.
 10238 | Gauntlet | Found a transporter.
 10239 | Gauntlet | Found the +0 mask of the Dragon {Will+ Slay+3 SInv}
 10240 | Gauntlet | Noticed a quicksilver ooze
 10242 | Gauntlet | Found a transporter.
 10247 | Gauntlet | Noticed a hell hog
 10269 | Gauntlet | Found a transporter.
 10276 | Gauntlet | Found a transporter.
 10294 | Gauntlet | Found a transporter.
 10298 | Gauntlet | Noticed a wretched star
 10340 | Gauntlet | Found a transporter.
 10354 | Gauntlet | Found a transporter.
 10455 | Gauntlet | Found a transporter.
 10476 | Gauntlet | Found a transporter.
 10699 | Gauntlet | Gained mutation: You have hidden genetic defects. [a
                  | neqoxec]
 10764 | Gauntlet | Killed a ghost crab
 10773 | Gauntlet | Identified the amulet "Kenkoz" {Spirit Rampage *Slow rElec
                  | Will++}
 10812 | Gauntlet | Killed a hell hog
 10832 | Gauntlet | Gained mutation: You occasionally lose the ability to drink
                  | potions when taking damage. [hidden defects]
 10869 | Gauntlet | Noticed a minotaur
 10872 | Gauntlet | Identified the staff "Giantslayer" {rF- Str+6 Dex+4 Earth}
 10885 | Gauntlet | Killed a minotaur
 11075 | Lair:1   | Noticed Harold
 11085 | Lair:1   | Killed Harold
 11086 | Lair:1   | Reached XP level 12. HP: 80/80 MP: 15/15
 11086 | Lair:1   | Gained mutation: You are vulnerable to heat. (rF-) [hidden
                  | defects]
 11086 | Lair:1   | Lost mutation: You have hidden genetic defects. [hidden
                  | defects expressed]
 11120 | Lair:1   | Noticed Maggie
 11130 | Lair:1   | Killed Maggie
 11286 | Lair:1   | Reached skill level 10 in Maces & Flails
 11326 | Lair:1   | Gained mutation: Your magical capacity is low. (-10% MP)
                  | [Ru sacrifice]
 11416 | Lair:1   | Got the Thoughts on Bad Luck and the Tektite
 11507 | Lair:1   | Found an ornate altar of the Wu Jian Council.
 11889 | Lair:2   | Found a dark tunnel.
 11895 | Volcano  | Entered a volcano
 12040 | Volcano  | Noticed a hell knight
 12058 | Volcano  | Killed a hell knight
 12065 | Volcano  | Found a bloodstained altar of Trog.
 12095 | Volcano  | Noticed a sun demon
 12110 | Volcano  | Killed a sun demon
 12111 | Volcano  | Reached skill level 10 in Armour
 12173 | Volcano  | Lost mutation: You occasionally lose the ability to drink
                  | potions when taking damage. [potion of mutation]
 12173 | Volcano  | Lost mutation: You are vulnerable to heat. (rF-) [potion of
                  | mutation]
 12173 | Volcano  | Gained mutation: You occasionally lose the ability to read
                  | scrolls when taking damage. [potion of mutation]
 12173 | Volcano  | Gained mutation: Your spells are a little easier to cast,
                  | but a little less powerful. [potion of mutation]
 12173 | Volcano  | Gained mutation: You do not regenerate when monsters are
                  | visible. [potion of mutation]
 12173 | Volcano  | Gained mutation: Your muscles are strong. (Str +4, Int/Dex
                  | -1) [potion of mutation]
 12292 | Lair:2   | Noticed a skyshark
 12300 | Lair:2   | Killed a skyshark
 13051 | Lair:3   | Gained mutation: You are hated by all. [Ru sacrifice]
 13068 | Lair:3   | Noticed a seven-headed hydra
 13076 | Lair:3   | Killed a seven-headed hydra
 13077 | Lair:3   | Reached XP level 13. HP: 87/87 MP: 14/14
 13372 | Lair:3   | Found a staircase to the Snake Pit.
 13643 | Lair:3   | Found a large runed translucent door.
 13644 | Lair:3   | Found a large runed translucent door.
 13647 | Lair:3   | Noticed motkurizz's ghost (journeyman AtBe)
 13659 | Lair:3   | Found a staircase to the Swamp.
 14349 | Lair:4   | Found a runed translucent door.
 14351 | Lair:4   | Noticed Hiramiqi's ghost (journeyman TeFE)
 14605 | Lair:4   | Gained mutation: You cannot study or cast Ice magic. [Ru
                  | sacrifice]
 14605 | Lair:4   | Gained mutation: You cannot study or cast Hexes magic. [Ru
                  | sacrifice]
 14605 | Lair:4   | Gained mutation: You cannot study or cast Necromancy magic.
                  | [Ru sacrifice]
 14994 | Lair:5   | Entered Level 5 of the Lair of Beasts
 15013 | Lair:5   | Reached skill level 10 in Axes
 15027 | Lair:5   | Gained mutation: Your large and strong wings let you fly.
                  | [Gargoyle growth]
 15027 | Lair:5   | Reached XP level 14. HP: 71/95 MP: 15/15
 15297 | Lair:5   | Identified the ring of Ticoh {rC++ AC+4}
 16667 | Orc:2    | Entered Level 2 of the Orcish Mines
 16667 | Orc:2    | Found a staircase to the Elven Halls.
 17184 | Orc:2    | Lost mutation: You occasionally lose the ability to read
                  | scrolls when taking damage. [potion of mutation]
 17184 | Orc:2    | Lost mutation: Your spells are a little easier to cast, but
                  | a little less powerful. [potion of mutation]
 17184 | Orc:2    | Lost mutation: You do not regenerate when monsters are
                  | visible. [potion of mutation]
 17184 | Orc:2    | Gained mutation: You are dopey. (Int -2) [potion of
                  | mutation]
 17184 | Orc:2    | Gained mutation: You are partially covered in large bone
                  | plates. (SH +4) [potion of mutation]
 17369 | Orc:2    | Found Pavuv's Book Shop.
 17369 | Orc:2    | Found Zocimuradgh's Antique Armour Emporium.
 17369 | Orc:2    | Found Vywkemem's Weapon Shoppe.
 17372 | Orc:2    | Found Deuffix's General Store.
 17470 | Orc:2    | Bought a scroll of identify for 30 gold pieces
 17481 | Orc:2    | Found a runed translucent gate.
 17481 | Orc:2    | Found a runed translucent gate.
 17481 | Orc:2    | Found a runed translucent gate.
 17600 | Orc:2    | Bought a glowing chain mail for 180 gold pieces
 17625 | Orc:2    | Noticed Calechis's ghost (journeyman VSSh)
 17678 | Orc:2    | Killed Calechis's ghost
 17688 | Orc:2    | Reached skill level 5 in Dodging
 17688 | Orc:2    | Reached XP level 15. HP: 101/101 MP: 16/16
 17748 | Orc:2    | Found Ypnoul's Distillery.
 17757 | Orc:2    | Bought a potion of enlightenment for 60 gold pieces
 17757 | Orc:2    | Bought a potion of haste for 120 gold pieces
 18325 | D:11     | Identified the +0 robe "Gyew" {Slay+2}
 18345 | D:11     | Identified the ring of Xeutz {Fly Int+8}
 18446 | D:11     | Reached skill level 15 in Fighting
 18724 | D:11     | Gained mutation: You occasionally shout uncontrollably at
                  | your foes. [Ru sacrifice]
 19279 | D:12     | Identified a scroll of acquirement
 19281 | D:12     | Acquired the ring "Nass" {*Corrode rN+ Will+ AC+4 SInv}
 19493 | D:13     | Found Pacy's Self-Published Books.
 19867 | D:13     | Found a gate to the Vaults.
 20092 | D:13     | Noticed Jorgrun
 20105 | D:13     | Killed Jorgrun
 20265 | D:12     | Noticed Nergalle
 20273 | D:12     | Killed Nergalle
 20621 | D:14     | Gained mutation: You are somewhat inexperienced. (-1 XL)
                  | [Ru sacrifice]
 20621 | D:14     | Reached XP level 14. HP: 95/99 MP: 15/15
 20621 | D:14     | Reached **** piety under Ru
 20732 | D:14     | Reached XP level 15. HP: 104/104 MP: 16/16
 21008 | D:14     | Found Temuf's Assorted Antiques.
 21078 | D:14     | Found a runed translucent gate.
 21078 | D:14     | Found a runed translucent gate.
 21080 | D:14     | Found an opulent altar of Gozag.
 21081 | D:14     | Found a runed translucent gate.
 21081 | D:14     | Noticed a storm dragon
 21084 | D:14     | Noticed TobyConnect's ghost (journeyman DsSh)
 21374 | D:14     | Killed a storm dragon
 21391 | D:14     | Killed TobyConnect's ghost
 21502 | D:15     | Entered Level 15 of the Dungeon
 21594 | D:15     | Found a staircase to the Depths.
 22093 | D:15     | Reached skill level 15 in Armour
 22445 | Elf:1    | Entered Level 1 of the Elven Halls
 22533 | Elf:1    | Found Impefeek's Magic Scroll Shoppe.
 22535 | Elf:1    | Found Raseif's General Store.
 22535 | Elf:1    | Found Vyadyes's Assorted Antiques.
 22538 | Elf:1    | Found Tirgh's Book Emporium.
 22545 | Elf:1    | Bought a scroll of acquirement for 936 gold pieces
 22547 | Elf:1    | Acquired the +3 pair of seven-league boots {Rampage+∞}
 22547 | Elf:1    | Found the +3 pair of seven-league boots {Rampage+∞}
 22580 | Elf:1    | Bought a brightly glowing chain mail for 218 gold pieces
 22580 | Elf:1    | Identified the +6 chain mail "Cufiych" {Drain Will+++
                  | Int+4} (You bought it in a shop on level 1 of the Elven
                  | Halls)
 22580 | Elf:1    | Bought a glowing battleaxe for 218 gold pieces
 22989 | Elf:1    | Reached skill level 15 in Axes
 23202 | Elf:1    | Paralysed by an air elemental for 1 turns
 23207 | Elf:1    | Paralysed by an air elemental for 1 turns
 24096 | Elf:2    | Found Dedegg's Weapon Shoppe.
 24229 | Elf:2    | Found a huge runed translucent gate.
 24229 | Elf:2    | Found a huge runed translucent gate.
 24230 | Elf:2    | Found a huge runed translucent gate.
 24230 | Elf:2    | Found a huge runed translucent gate.
 24230 | Elf:2    | Found a huge runed translucent gate.
 24280 | Elf:2    | Found Hatuf's General Store.
 24338 | Elf:2    | Reached XP level 16. HP: 110/112 MP: 17/17
 24359 | Elf:2    | Gained mutation: You frequently scream uncontrollably at
                  | your foes. [Ru sacrifice]
 24444 | Elf:2    | Noticed Donald
 24470 | Elf:2    | Killed Donald
 24550 | Elf:2    | Found Hemu Omuli's Antique Armour Emporium.
 24560 | Elf:2    | Found Poaffoem's Weapon Shop.
 25170 | Elf:2    | Noticed Louise
 25192 | Elf:2    | Killed Louise
 25474 | Snake:1  | Entered Level 1 of the Snake Pit
 25530 | Snake:1  | Found Kacem's Distillery.
 25585 | Snake:1  | Bought a potion of resistance for 160 gold pieces
 25835 | Snake:1  | Noticed Roxanne
 25851 | Snake:1  | Killed Roxanne
 26146 | Snake:1  | Noticed Aizul
 26169 | Snake:1  | Killed Aizul
 26358 | Snake:2  | Gained mutation: You cannot train Dodging skill. [Ru
                  | sacrifice]
 26358 | Snake:2  | Reached ***** piety under Ru
 26570 | Snake:2  | Reached XP level 17. HP: 115/119 MP: 18/18
 27482 | Snake:3  | Noticed Kirke
 27491 | Snake:3  | Killed Kirke
 27842 | Snake:3  | Gained mutation: You cannot voluntarily change form. [Ru
                  | sacrifice]
 28327 | Snake:4  | Entered Level 4 of the Snake Pit
 28771 | Snake:4  | Got a serpentine rune of Zot
 28875 | Snake:4  | Noticed Mara
 28891 | Snake:4  | Noticed motkurizz's illusion
 28903 | Snake:4  | Killed Mara
 28984 | Snake:4  | Reached XP level 18. HP: 127/127 MP: 18/18
 29381 | Swamp:1  | Entered Level 1 of the Swamp
 29497 | Swamp:1  | Gained mutation: Your magical capacity is very low. (-20%
                  | MP) [Ru sacrifice]
 29497 | Swamp:1  | Reached ****** piety under Ru
 29504 | Swamp:1  | Identified the +7 mace "Cirohaf" {venom, Will++ Int+4
                  | Dex-3}
 30218 | Swamp:3  | Noticed a tentacled monstrosity
 30227 | Swamp:3  | Killed a tentacled monstrosity
 30493 | Swamp:3  | Found a frozen archway.
 30503 | IceCv    | Entered an ice cave
 31042 | IceCv    | Lost mutation: Your muscles are strong. (Str +4, Int/Dex
                  | -1) [a neqoxec]
 31721 | Swamp:4  | Entered Level 4 of the Swamp
 32306 | Swamp:4  | Got a decaying rune of Zot
 32463 | Lair:3   | Killed motkurizz's ghost
 32531 | Lair:4   | Killed Hiramiqi's ghost
 32532 | Lair:4   | Reached XP level 19. HP: 136/136 MP: 17/17
 32623 | Lair:5   | Found a staircase to the Slime Pits.
 32872 | Elf:3    | Entered Level 3 of the Elven Halls
 33219 | Elf:3    | Identified the +9 glaive "Adaliwk" {antimagic, Str+3}
 33219 | Elf:3    | Identified the amulet "Voyciev" {RegenMP *Slow rElec rPois}
 33227 | Elf:3    | Noticed a Brimstone Fiend
 33304 | Elf:3    | Identified the amulet "Afavacsi" {Faith Harm Rampage MP-9}
 33325 | Elf:3    | Got Ciykaycuu's Parchment of Therianthropy and the Glacier
 33329 | Elf:3    | Got the Folio of Non-Euclidean Pyromancy
 33430 | Elf:3    | Identified the amulet "Voyhykhli" {Acrobat Will++ Int-5}
 33431 | Elf:3    | Identified the +5 plate armour "Kefubep Vyxu" {*Corrode Fly
                  | rElec Dex+7}
 33442 | Elf:3    | Identified the +5 chain mail of Complete Protection {+Blink
                  | rC- Int+2 Dex+3}
 33453 | Elf:3    | Got the Compendium of Contaminants
 33462 | Elf:3    | Identified the staff "Sablerej" {Fly rF+ rC+ Int+2 SInv
                  | Ice}
 33476 | Elf:3    | Acquired the ring "Doecire" {Will+++ EV+5}
 34035 | Vaults:1 | Entered Level 1 of the Vaults
 34619 | Vaults:1 | Noticed Nikola
 34631 | Vaults:1 | Killed Nikola
 34983 | Vaults:1 | Reached XP level 20. HP: 145/145 MP: 18/18
 35793 | Vaults:2 | Noticed Saint Roka
 35817 | Vaults:2 | Killed Saint Roka
 35991 | Vaults:2 | You are sucked into a shaft and drop 2 floors!
 36305 | Vaults:2 | Noticed Norris
 36316 | Vaults:2 | Killed Norris
 36487 | Vaults:2 | Acquired 936 gold pieces
 36647 | Vaults:2 | Found a staircase to the Crypt.
 37707 | Vaults:3 | Reached XP level 21. HP: 153/153 MP: 19/19
 38222 | Vaults:4 | Found Meannunt's Antique Armour Boutique.
 38226 | Vaults:4 | Bought a pair of embroidered gloves for 300 gold pieces
 38228 | Vaults:4 | Bought a pair of embroidered gloves for 300 gold pieces
 38350 | Vaults:4 | Identified the +1 pair of boots "Tattuf" {rF++ Str+4
                  | Slay-2}
 38553 | Vaults:4 | Identified the +3 helmet of Untold Secrets {rF- Dex+5 SInv}
 39098 | Vaults:5 | Entered Level 5 of the Vaults
 39255 | Vaults:5 | Noticed a dread lich
 39278 | Vaults:5 | Killed a dread lich
 39291 | Vaults:5 | Noticed a dread lich
 39307 | Vaults:5 | Killed a dread lich
 39336 | Vaults:5 | Identified the ring "Zuuggun" {rElec Will+ Dex+6}
 39360 | Vaults:5 | Reached XP level 22. HP: 138/161 MP: 20/20
 39469 | Vaults:5 | Identified the +7 great sword of Edopn {vamp, Stlth+}
 39775 | Vaults:5 | Identified the +1 pearl dragon scales of Creativity {rPois
                  | rN+}
 40090 | Vaults:5 | Identified the +3 dagger "Kosuseot" {speed, rN+ Int+2
                  | Dex+2}
 40267 | Vaults:5 | Got the Octavo of Tainted Damage
 40325 | Vaults:5 | Got a silver rune of Zot
 40357 | Vaults:5 | Identified the +0 chain mail of Entitlement {Int+2 Dex+4}
 40368 | Vaults:5 | Identified the +7 morningstar of a Labyrinth {flame, rElec}
 40887 | Depths:1 | Entered Level 1 of the Depths
 41001 | Depths:1 | You are sucked into a shaft and drop 1 floor!
 41014 | Depths:2 | Found Eskad's Antique Armour Shoppe.
 41017 | Depths:2 | Bought a pair of transparent boots for 323 gold pieces
 41017 | Depths:2 | Identified the +0 pair of boots "Fiocaimn" {*Corrode rElec
                  | Regen+} (You bought it in a shop on level 2 of the Depths)
 41114 | Depths:2 | Noticed Bai Suzhen
 41125 | Depths:2 | Killed Bai Suzhen
 41187 | Depths:2 | Found a one-way gate leading to the halls of Pandemonium.
 41258 | Depths:2 | Found a gateway to Hell.
 41460 | Depths:2 | Found Rufa's General Store.
 41464 | Depths:2 | Bought a scroll of enchant armour for 150 gold pieces
 41482 | Depths:2 | Found a sacrificial altar of Ru.
 41947 | Depths:2 | Found a sparkling altar of Nemelex Xobeh.
 42164 | Depths:3 | Reached XP level 23. HP: 93/170 MP: 20/20
 42689 | Depths:3 | Found a runed translucent door.
 43048 | Depths:3 | Acquired 858 gold pieces
 43263 | Depths:3 | Got the Information on Ashes and the Wind
 43348 | Depths:3 | Noticed a caustic shrike
 43359 | Depths:3 | Killed a caustic shrike
 43589 | Depths:3 | Found a runed translucent door.
 43697 | Depths:3 | Identified the +0 morningstar of the Special Bones
                  | {protect, *Noise *Slow rF+ Dex+6}
 43776 | Depths:4 | Entered Level 4 of the Depths
 44196 | Depths:4 | Found a gate to the Realm of Zot.
 44380 | Depths:4 | Reached XP level 24. HP: 178/178 MP: 20/20
 44539 | Depths:4 | Identified the ring "Duoja" {Ice Will+ MP+9}
 44539 | Depths:4 | Noticed Josephina
 44552 | Depths:4 | Killed Josephina
 44674 | Depths:4 | Identified the +1 great sword of Fuirrust {flame, rCorr
                  | Str+2 Int-2 Dex+3}
 44675 | Depths:4 | Found a one-way gateway to a ziggurat.
 44888 | Zot:1    | Entered Level 1 of the Realm of Zot
 44990 | Zot:1    | Found a transporter.
 45270 | Zot:1    | Found a runed translucent gate.
 45270 | Zot:1    | Found a runed translucent gate.
 45270 | Zot:1    | Found a runed translucent gate.
 45272 | Zot:1    | Noticed Sofait's ghost (legendary GnFE)
 45273 | Zot:1    | Noticed Heoriaro's ghost (legendary GnFi)
 45698 | Zot:1    | Killed Sofait's ghost
 45725 | Zot:1    | Killed Heoriaro's ghost
 46031 | Zot:1    | Found a transporter.
 46041 | Zot:1    | Identified the +1 hat "Quwuify" {Fly rElec Will+++ Dex-2}
 46271 | Zot:2    | Found the +8 arc blade {discharge, rElec}
 46311 | Zot:2    | Noticed an orb of fire
 46322 | Zot:2    | Gained mutation: You expend magic power (3 MP) to
                  | strengthen your wands. [an orb of fire]
 46323 | Zot:2    | Killed an orb of fire
 46516 | Zot:2    | Noticed a dread lich
 46534 | Zot:2    | Killed a dread lich
 46965 | Zot:2    | Reached XP level 25. HP: 177/182 MP: 20/20
 47747 | Elf:2    | Bought a scroll of enchant armour for 135 gold pieces
 47747 | Elf:2    | Bought a potion of haste for 180 gold pieces
 47920 | Snake:1  | Bought a potion of haste for 160 gold pieces
 47920 | Snake:1  | Bought a potion of haste for 160 gold pieces
 47920 | Snake:1  | Bought a potion of curing for 48 gold pieces
 47920 | Snake:1  | Bought 2 potions of heal wounds for 160 gold pieces
 47920 | Snake:1  | Bought a potion of attraction for 48 gold pieces
 47920 | Snake:1  | Bought a potion of attraction for 48 gold pieces
 48077 | Elf:1    | Bought a scroll of fear for 68 gold pieces
 48077 | Elf:1    | Bought a potion of mutation for 136 gold pieces
 48077 | Elf:1    | Bought 2 potions of attraction for 102 gold pieces
 48810 | Zot:4    | Found a transporter.
 48812 | Zot:4    | Found a transporter.
 48812 | Zot:4    | Found a bloodstained altar of Trog.
 49141 | Zot:4    | Noticed Emnejil's ghost (master VSBe)
 49155 | Zot:4    | Identified the +0 cloak "Woluilesk" {Str-5 Dex+6}
 49169 | Zot:4    | Identified the +0 cloak "Matextat" {Rampage rF++ Regen+
                  | Int-4}
 49386 | Zot:5    | Entered Level 5 of the Realm of Zot
 49524 | Zot:5    | Noticed an orb of fire
 49533 | Zot:5    | Gained mutation: You are weak. (Str -2) [an orb of fire]
 49535 | Zot:5    | Killed an orb of fire
 49879 | Zot:5    | Reached skill level 27 in Fighting
 49908 | Zot:5    | Noticed an ancient lich
 49925 | Zot:5    | Killed an ancient lich
 49949 | Zot:5    | Noticed a dread lich
 49966 | Zot:5    | Killed a dread lich
 49968 | Zot:5    | Noticed a Killer Klown
 49978 | Zot:5    | Noticed a Killer Klown
 49980 | Zot:5    | Noticed a Killer Klown
 49981 | Zot:5    | Noticed an orb of fire
 49985 | Zot:5    | Noticed an ancient lich
 49985 | Zot:5    | Noticed an orb of fire
 49991 | Zot:5    | Killed a Killer Klown
 49993 | Zot:5    | Noticed a Killer Klown
 49997 | Zot:5    | Killed an orb of fire
 50003 | Zot:5    | Killed an orb of fire
 50015 | Zot:5    | Killed an ancient lich
 50016 | Zot:5    | Killed a Killer Klown
 50024 | Zot:5    | Killed a Killer Klown
 50036 | Zot:5    | Killed a Killer Klown
 50053 | Zot:5    | Noticed an orb of fire
 50056 | Zot:5    | Noticed an orb of fire
 50060 | Zot:5    | Gained mutation: You are frail. (-10% HP) [an orb of fire]
 50067 | Zot:5    | Gained mutation: Your magical capacity is extremely low.
                  | (-30% MP) [an orb of fire]
 50070 | Zot:5    | Killed an orb of fire
 50071 | Zot:5    | Reached XP level 26. HP: 158/173 MP: 17/18
 50074 | Zot:5    | Gained mutation: You are clumsy. (Dex -2) [an orb of fire]
 50090 | Zot:5    | Gained mutation: Armour fits poorly on your strangely
                  | shaped body. [an orb of fire]
 50095 | Zot:5    | Killed an orb of fire
 50097 | Zot:5    | Noticed an orb of fire
 50105 | Zot:5    | Gained mutation: Your body sometimes deteriorates upon
                  | taking damage. [an orb of fire]
 50106 | Zot:5    | Noticed a dread lich
 50109 | Zot:5    | Killed an orb of fire
 50110 | Zot:5    | Reached skill level 27 in Armour
 50116 | Zot:5    | Killed a dread lich
 50117 | Zot:5    | Lost mutation: You are dopey. (Int -2) [potion of mutation]
 50117 | Zot:5    | Lost mutation: You are partially covered in large bone
                  | plates. (SH +4) [potion of mutation]
 50117 | Zot:5    | Lost mutation: Your body sometimes deteriorates upon taking
                  | damage. [potion of mutation]
 50117 | Zot:5    | Lost mutation: You are frail. (-10% HP) [potion of
                  | mutation]
 50117 | Zot:5    | Gained mutation: You possess an exceptional clarity of
                  | mind. [potion of mutation]
 50117 | Zot:5    | Gained mutation: You are somewhat resistant to further
                  | mutation. [potion of mutation]
 50118 | Zot:5    | Lost mutation: Your magical capacity is extremely low.
                  | (-30% MP) [potion of mutation]
 50118 | Zot:5    | Lost mutation: You are weak. (Str -2) [potion of mutation]
 50332 | Zot:5    | Noticed a dread lich
 50337 | Zot:5    | Killed a dread lich
 50798 | Zot:5    | Got the Orb of Zot
 51288 | D:1      | Reached skill level 27 in Axes
 51343 | D:$      | Escaped with the Orb!

Illustrated notes

Levels and vault maps discovered:
D:1:      sevenhm_arrival_forest_fort_large_4, layout_basic
D:2:      layout_loops_ring, basic_altar, nicolae_figureground_sparkle
D:3:      layout_loops_corners, gammafunk_temple_overflow_statue,
          nicolae_nh_oracle_at_delphi, uniq_natasha, uniq_jessica
D:4:      layout_loops_corners, grunt_gozag_breadcrumbs, serial_demonic,
          serial_demonic_b, serial_demonic_c, serial_demonic_b,
          serial_demonic_b, ebering_ghost_disaster_area, uniq_ijyb
D:5:      layout_basic, minmay_temple_entry_large_hall, hangedman_decor_push,
          minmay_misc_feat_nine_boxes, dk_noncrumbling_3, uniq_pikel,
          uniq_menkaure
D:6:      layout_cave_pods, uniq_blork_the_orc
D:7:      layout_gridville, chequers_serial_rivers_micro_b,
          uniq_crazy_yiuf_cottage
D:8:      layout_rooms, hangedman_feature_mirror, uniq_psyche, uniq_jeremiah
D:9:      layout_loops_ring, lair_entry_dummy, gammafunk_ghost_abyssal_escape,
          nicolae_shop_vocational
D:10:     layout_roguey, erik_orc_4, nicolae_trove_entry_diagonal
D:11:     minmay_slanted_spiral_squares, layout_irregular_city
D:12:     cheibrodos_quadrivalence, layout_rooms, uniq_nergalle
D:13:     layout_loops_ring, david_vaults_4, nicolae_custom_books, uniq_jorgrun
D:14:     layout_cave_pods, minmay_misc_feat_four_crosses, ebering_ghost_gozag,
          serial_ice, serial_ice_n, serial_ice_l, serial_ice_b, serial_ice_d,
          serial_ice_h, serial_ice_a, serial_ice_g, serial_ice_e, serial_shops,
          nicolae_shop_tiny_real_fake_doors, dk_noncrumbling_2,
          minmay_misc_feat_doors
D:15:     grunt_enter_depths_snipers, layout_basic, minivault_4
Temple:   compressed_dpeg_triangle_lava_temple
Lair:1:   layout_cave_pods, gauntlet_entry_generic, roderic_batcave,
          lemuel_oklob_altar, grunt_megastairs_4, serial_bayou_shore_b,
          infiniplex_staircase_pool_2, uniq_harold, uniq_maggie
Lair:2:   layout_chaotic_city, nicolae_volcano_entry_lava_flow,
          serial_bayou_ford_a, serial_bayou_shore_a
Lair:3:   layout_gridlike, skrybe_swamp_entry_bodies,
          guppyfry_snake_entry_garden, ebering_ghost_disaster_area,
          pdpol_lair_cavern_descent
Lair:4:   layout_regular_city, ebering_ghost_inner_flame, lemuel_fruit_fields
Lair:5:   evilmike_catoblepas_cave, layout_loops_ring,
          minmay_slime_entry_oklob_enclosed, eino_small_chamber_without_monster,
          st_stairs_3
Swamp:1:  layout_falls_marsh, evilmike_swamp_ruin_rubble_2, swamp_pool1
Swamp:2:  layout_basic_swamp, nicolae_swamp_feature_on_the_river_bank,
          infiniplex_staircase_pool
Swamp:3:  layout_basic_swamp, portal_ice_cave_entry_dragon,
          nicolae_swamp_very_dense_foliage
Swamp:4:  swamp, layout_basic_swamp, swamp_pool1
Snake:1:  nrook_guardian_serpent_snake_passage, layout_misc_corridors,
          serial_shops, shop, nicolae_snake_snakes_in_the_grass,
          nicolae_triple_integral, uniq_roxanne, uniq_aizul
Snake:2:  layout_chambers, nicolae_snake_double_loop, drop_trap
Snake:3:  layout_cave_pods, serial_bayou_shore_b, uniq_kirke
Snake:4:  grunt_snake_rune_spirals, layout_onion, minmay_snake_pond, uniq_mara
Orc:1:    layout_caves
Orc:2:    st_orc_rangers, layout_caves, maelrawn_ghost_gauntlet_escape,
          serial_shops, nicolae_shop_behind_doors, basic_altar
Elf:1:    eino_elf_arrival_sip, layout_geoelf_grid, hangedman_elf_disciples,
          grunt_megastairs_5, minmay_shoptagon
Elf:2:    elven_hall_of_blades_hangedman_alternative
          [nicolae_blade_entry_area_security], layout_geoelf_grid, serial_shops,
          nicolae_shop_hallway_stairs, shop, shop, nicolae_shop_crystal,
          uniq_donald, uniq_louise
Elf:3:    minmay_elf_hall_dome, layout_rooms, nicolae_elf_w_pinch, moated_statue
Vaults:1: vaults_room_boxed, v_rooms_6, nicolae_vaults_network_square,
          v_alt_pattern_5, dpeg_vaults_monster_box, vaults_dpeg_spiral,
          ontoclasm_vaults_eye, v_alt_pattern_4, ontoclasm_vaults_idyll,
          nicolae_vaults_diamond_1, hangedman_vaults_impose,
          nicolae_vaults_little_ls, nicolae_vaults_tetromino_Z_1,
          layout_vaults_ring, uniq_nikola
Vaults:2: nicolae_vaults_three_branches, minmay_crypt_entry_vampire_xt,
          nicolae_vaults_wine_cellar, nicolae_vaults_little_squares_1,
          vaults_room_pool, nicolae_vaults_tetromino_T_1,
          nicolae_vaults_c_with_doors, nicolae_vaults_tetromino_L_2,
          vaults_room_fours, ontoclasm_vaults_chip, v_misc_28,
          nicolae_vaults_mini_display_case, layout_vaults_omnigrid, uniq_norris,
          uniq_saint_roka
Vaults:3: nicolae_vaults_hallways_thing, ontoclasm_vaults_bender,
          grunt_vaults_trifunnel, hangedman_vaults_snaps,
          nicolae_vaults_trapezoid_3, nicolae_vaults_trapezoid_lopsided_2,
          vaults_mumra_chevron, ontoclasm_vaults_chip,
          vaults_standard_mumra_enter_the_diamond, vaults_dpeg_ring,
          nicolae_vaults_sesquioval_fish, layout_vaults_omnicross
Vaults:4: nicolae_vaults_know_your_exits, nicolae_vaults_diamond_2,
          grunt_vaults_funnel, v_misc_5, nicolae_vaults_triangles,
          vaults_room_door_ring, layout_vaults_chaotic_city, serial_shops,
          nicolae_shop_pleasant_corner_grove
Vaults:5: serial_shops
Depths:1: kennysheep_bubbly, layout_cave_shapes, minmay_crystal_room,
          hangedman_coc_ice_floe, nicolae_dithmenos_the_darkroom
Depths:2: minmay_connected_triangles_in_corner, layout_gridlike,
          nicolae_ru_awakened_eye, serial_shops, nicolae_shop_back_alley_shop,
          shop, hellmouth_1, rand_demon_pan_entry_8,
          nemelex_lonely_heart_becter, uniq_bai_suzhen
Depths:3: thingy_vault_2, layout_basic, abyss_entry_small_statue_room,
          minmay_staircase_windowed_small, hell_entry, minmay_the_grid_2x2
          [minmay_the_grid_artifice, minmay_the_grid_small_cups,
          minmay_the_grid_zigzag_pyramid,
          minmay_the_grid_prize_four_corners_diamond_a]
Depths:4: grunt_zot_entry_gee_three, layout_honeycomb, enter_ziggurat_f,
          abyss_entry, wad_floor_pattern_2, hell_entry, uniq_josephina
Zot:1:    layout_gridlike, gammafunk_ghost_cemetery,
          chequers_guarded_unrand_mask_of_the_dragon
Zot:2:    layout_misc_corridors, nzn_random_ring
Zot:3:    lemuel_draconian_sentries, layout_misc_corridors
Zot:4:    layout_misc_corridors, gammafunk_ghost_wrathful_warriors
Zot:5:    layout_cellular_growth

Skill      XL: |  1  2  3  4  5  6  7  8  9 10 11 12 13 14 15 16 17 18 19 20 21 22 23 24 25 26 |
---------------+-------------------------------------------------------------------------------+-----
Fighting       | 3 4 6 7 9 10 11 12 13 14 16 17 18 20 21 23 24 25 26 27 | 27.0
Armour         | 1 2 3 4 5 7 9 10 12 13 15 16 17 19 21 22 23 24 25 26 27 | 27.0
Conjurations   | 4 |  4.0
Maces & Flails | 4 5 6 8 9 12 13 | 13.2
Axes           | 3 7 9 10 11 15 17 18 19 20 22 23 24 26 27 | 27.0
Dodging        | 2 5 0 |  0.0
Spellcasting   | |  2.3

Action                     |  1- 3 |  4- 6 |  7- 9 | 10-12 | 13-15 | 16-18 | 19-21 | 22-24 | 25-27 || total
---------------------------+-------+-------+-------+-------+-------+-------+-------+-------+-------++-------
  Melee: Mace              |   122 |    16 |    24 |       |       |       |       |       |       ||   162
         Punch             |     1 |     5 |     6 |       |       |     3 |       |       |       ||    15
         Whip              |       |    84 |   202 |       |       |       |       |       |       ||   286
         Flail             |       |   213 |    21 |       |       |       |       |       |       ||   234
         Battleaxe         |       |       |    45 |   360 |   179 |  1096 |  1235 |  1485 |   633 ||  5033
         Great mace        |       |       |       |   239 |  1411 |   155 |       |       |       ||  1805
         Broad axe         |       |       |       |       |       |    95 |       |       |       ||    95
   Cast: Kiss of Death     |     2 |     3 |     2 |       |       |       |       |       |       ||     7
 Invoke: Sacrifice Stealth |       |       |     1 |       |       |       |       |       |       ||     1
         Sacrifice Artific |       |       |       |     1 |       |       |       |       |       ||     1
         Sacrifice Essence |       |       |       |     1 |       |     1 |       |       |       ||     2
         Sacrifice Love    |       |       |       |     1 |       |       |       |       |       ||     1
         Sacrifice Arcana  |       |       |       |       |     1 |       |       |       |       ||     1
         Sacrifice Experie |       |       |       |       |     1 |       |       |       |       ||     1
         Reject Sacrifices |       |       |       |       |     1 |       |       |       |       ||     1
         Power Leap        |       |       |       |       |     2 |       |       |     2 |     3 ||     7
         Sacrifice Purity  |       |       |       |       |     1 |     1 |       |       |       ||     2
         Sacrifice Nimblen |       |       |       |       |       |     1 |       |       |       ||     1
         Sacrifice Forms   |       |       |       |       |       |     1 |       |       |       ||     1
         Apocalypse        |       |       |       |       |       |       |     1 |     3 |     1 ||     5
         Draw Out Power    |       |       |       |       |       |       |       |     1 |     1 ||     2
  Evoke: Wand              |       |     9 |    10 |     4 |       |       |       |       |       ||    23
    Use: Scroll            |       |     9 |       |     6 |    12 |    11 |     5 |     5 |     7 ||    55
         Potion            |       |     1 |       |    11 |     2 |       |     1 |     2 |    11 ||    28
   Stab: Petrified         |       |       |       |       |     4 |       |       |       |       ||     4
         Invisible         |       |       |       |       |     3 |     5 |    13 |    10 |    21 ||    52
         Distracted        |       |       |       |       |     4 |     2 |     3 |     7 |     1 ||    17
         Paralysed         |       |       |       |       |       |     9 |     7 |     4 |     3 ||    23
         Confused          |       |       |       |       |       |     2 |       |       |       ||     2
 Armour: Leather armour    |    15 |       |       |       |       |       |       |       |       ||    15
         Ring mail         |    54 |   217 |   109 |       |       |       |       |       |       ||   380
         Chain mail        |       |       |    21 |   389 |   426 |   864 |    60 |       |       ||  1760
         Troll leather arm |       |       |     8 |       |       |       |       |       |       ||     8
         Plate armour      |       |       |       |       |   375 |       |   728 |   986 |   370 ||  2459
  Dodge: Dodged            |    76 |   182 |   161 |   717 |  1676 |   620 |   535 |   667 |   232 ||  4866
  Block: Other             |       |       |       |       |   193 |   162 |   193 |   166 |    37 ||   751
         Reflection        |       |       |       |       |       |       |     2 |       |       ||     2

Table legend: (Time is in decaauts)
 A = Elapsed time spent in this place.
 B = Non-inter-level travel time spent in this place.
 C = Inter-level travel time spent in this place.
 D = Time resting spent in this place.
 E = Time spent auto-exploring this place.
 F = Levels seen in this place.
 G = Mean time per level.
                   A        B        C        D        E       F      G
               +--------+--------+--------+--------+--------+-----+--------+
         Total |  49985 |  45198 |   4787 |   1215 |  32091 |  52 |  961.2 |
       Dungeon |  15218 |  13469 |   1749 |    249 |   9985 |  15 | 1014.5 |
        Temple |     29 |      3 |     26 |      0 |      0 |   1 |   29.0 |
          Lair |   5801 |   5096 |    705 |     21 |   3668 |   5 | 1160.2 |
         Swamp |   2129 |   1936 |    193 |     54 |   1378 |   4 |  532.2 |
     Snake Pit |   3739 |   3504 |    235 |      0 |   2788 |   4 |  934.8 |
  Orcish Mines |   1854 |   1590 |    264 |    230 |    755 |   2 |  927.0 |
   Elven Halls |   4046 |   3618 |    428 |    259 |   2432 |   3 | 1348.7 |
        Vaults |   6363 |   6022 |    341 |     96 |   4577 |   5 | 1272.6 |
        Depths |   4079 |   3649 |    430 |      0 |   2665 |   4 | 1019.8 |
           Zot |   4753 |   4340 |    413 |    214 |   2897 |   5 |  950.6 |
         Trove |     95 |     95 |      0 |      0 |      0 |   1 |   95.0 |
      Ice Cave |    760 |    760 |      0 |      0 |    512 |   1 |  760.0 |
       Volcano |    310 |    310 |      0 |     19 |     99 |   1 |  310.0 |
      Gauntlet |    801 |    801 |      0 |     73 |    334 |   1 |  801.0 |
               +--------+--------+--------+--------+--------+-----+--------+

Top non-repeatable levels by time:
   Elf:1: 1878 daAuts
     D:3: 1531 daAuts
Vaults:2: 1492 daAuts
   Zot:5: 1382 daAuts
Depths:3: 1379 daAuts
Depths:2: 1355 daAuts
  Lair:5: 1352 daAuts
Vaults:5: 1343 daAuts
     D:4: 1311 daAuts
Vaults:1: 1249 daAuts
   Elf:2: 1241 daAuts
     D:9: 1235 daAuts
  Lair:3: 1198 daAuts
Vaults:4: 1193 daAuts
    D:14: 1183 daAuts
